 Dungeon Crawl Stone Soup version 0.21.1-1-g345015f (webtiles) character file.

136 silwyr the Magician (level 4, -1/24 HPs)
             Began as a Deep Elf Wizard on Apr 24, 2018.
             Succumbed to an orc's poison
             ... on level 3 of the Dungeon.
             The game lasted 00:14:32 (1890 turns).

silwyr the Magician (Deep Elf Wizard)               Turns: 1890, Time: 00:14:33

Health: -1/24      AC:  8    Str:  4    XL:     4   Next: 98%
Magic:  0/12       EV: 13    Int: 24    God:
Gold:   94         SH:  0    Dex: 13    Spells: 3/11 levels left

rFire    . . .     SeeInvis .   a - +1 dagger (venom)
rCold    . . .     Gourm    .   (no shield)
rNeg     . . .     Faith    .   h - +0 robe
rPois    .         Spirit   .   u - +0 hat
rElec    .         Reflect  .   (no cloak)
rCorr    .         Harm     .   (no gloves)
MR       .....                  (no boots)
Stlth    ++........             (no amulet)
HPRegen  0.08/turn              s - +6 ring of protection
MPRegen  0.13/turn              (no ring)

@: lethally poisoned (-1 -> -28), very slightly contaminated
A: no striking features
a: no special abilities


You were on level 3 of the Dungeon.
You were not hungry.

You visited 1 branch of the dungeon, and saw 3 of its levels.

You collected 94 gold pieces.

Inventory:

Hand Weapons
 a - a +1 dagger of venom (weapon)
 b - a +0 blowgun
Missiles
 v - 8 poisoned needles
Armour
 h - a +0 robe (worn)
 u - a +0 hat (worn)
Jewellery
 s - a +6 ring of protection (left hand)
 t - a +3 amulet of reflection {unknown}
Scrolls
 g - a scroll of fog {unknown}
 j - a scroll of identify {unknown}
 k - 2 scrolls of amnesia {unknown}
 l - 2 scrolls of blinking {unknown}
 o - a scroll of remove curse {unknown}
 q - a scroll of immolation {unknown}
 r - a scroll of teleportation {unknown}
Potions
 e - 2 potions of flight
 f - a potion of magic
 i - 2 potions of haste {unknown}
 m - a potion of lignification {unknown}
 p - a potion of heal wounds {unknown}
Books
 c - a book of Minor Magic

   Spells                             Type                      Level
   a - Magic Dart                     Conjuration                  1
   b - Blink                          Translocation                2
   c - Call Imp                       Summoning                    2
   d - Slow                           Hexes                        2
   e - Conjure Flame                  Conjuration/Fire             3
   f - Mephitic Cloud                 Conjuration/Poison/Air       3
Comestibles
 d - 4 rations
 n - 3 chunks of flesh


   Skills:
 - Level 2.4 Dodging
 - Level 2.4 Stealth
 - Level 4.4 Spellcasting
 + Level 3.2 Conjurations
 + Level 0.3 Hexes
   Level 1.1 Summonings
 + Level 2.5 Translocations
 - Level 2.0 Air Magic
 - Level 2.0 Poison Magic


You had 3 spell levels left.
You knew the following spells:

 Your Spells              Type           Power        Failure   Level  Hunger
a - Magic Dart            Conj           ###.         2%          1    None
b - Blink                 Tloc           N/A          4%          2    None
c - Slow                  Hex            #.......     12%         2    None
d - Mephitic Cloud        Conj/Pois/Air  ###.....     11%         3    ##.....


Dungeon Overview and Level Annotations

Branches:
Dungeon (3/15)

Altars:

Annotations:
D:2 Robin


Message History

Confirm with . or Enter, or press ? or * to list all spells.
Aiming: Magic Dart
Press: ? - help, Shift-Dir - straight line, f/p - orc
Aim: an orc, wielding a mace of venom and wearing a ring mail (severely wounded)
The magic dart hits the orc.
The orc is severely wounded.
You feel sick. The orc hits you with a mace of venom.
* * * LOW HITPOINT WARNING * * *
You are more poisoned.
You closely miss the orc.
The orc is severely wounded.
* * * LOW HITPOINT WARNING * * *
You feel sick.
You closely miss the orc.
The orc is severely wounded.
* * * LOW HITPOINT WARNING * * *
You feel sick. The orc hits you with a mace of venom.
* * * LOW HITPOINT WARNING * * *
You are more poisoned.
You die...

#.....# .# #. ##.#...#
..# #. #..#...# #.#
########
#..#...#####..#
#.......
##........#..#
#......÷ ###........#
#....... #...##...####
#####...
#..o........#######..#
#####@...##..........#
#.#........###..##
#.##<.......#.....
..#...............
..##...........####
..###............#
.........).....#..(#
..........>.....#.....
..#####....†.)####...


You could see an orc.

Vanquished Creatures
  3 adders
  An ooze (D:2)
  A worm (D:2)
  4 dart slugs
  A leopard gecko (D:2)
  An orc (D:3)
  A ball python (D:1)
  A giant cockroach (D:2)
  21 goblins
  10 hobgoblins
  6 jackals (D:3)
  11 kobolds
  3 quokkas (D:2)
  9 bats
  5 frilled lizards
  6 rats
84 creatures vanquished.

Notes
Turn   | Place    | Note
-------+----------+-------------------------------------------
     0 | D:1      | silwyr the Deep Elf Wizard began the quest for the Orb.
     0 | D:1      | Reached XP level 1. HP: 10/10 MP: 7/7
   144 | D:1      | Reached XP level 2. HP: 15/15 MP: 5/9
   533 | D:1      | Learned a level 2 spell: Blink
   536 | D:1      | Learned a level 2 spell: Slow
   674 | D:2      | Reached XP level 3. HP: 16/19 MP: 8/10
   752 | D:2      | Learned a level 3 spell: Mephitic Cloud
   872 | D:2      | Reached skill level 1 in Poison Magic
   917 | D:2      | Reached skill level 1 in Air Magic
   948 | D:2      | Reached XP level 4. HP: 7/24 MP: 1/12
  1306 | D:2      | Noticed Robin
  1889 | D:3      | HP: 1/24 [orc/mace of venom (1)]
  1890 | D:3      | Succumbed to an orc's poison

Skill      XL: |  1  2  3  4 |
---------------+-------------+-----
Conjurations   | 2 3 |  3.2
Translocations | 2 |  2.5
Poison Magic   | 1 2 |  2.0
Air Magic      | 1 2 |  2.0
Dodging        | |  2.4
Stealth        | |  2.4
Spellcasting   | |  4.4
Hexes          | |  0.3
Summonings     | |  1.1

Action                   |  1- 3 |  4- 6 || total
-------------------------+-------+-------++-------
Melee: Dagger            |    46 |    42 ||    88
 Fire: Blowgun           |       |     1 ||     1
 Cast: Magic Dart        |    64 |    61 ||   125
       Mephitic Cloud    |       |     3 ||     3
  Use: Potion            |       |     4 ||     4
 Stab: Sleeping          |     3 |       ||     3
  Eat: Chunk             |       |     3 ||     3
Armor: Robe              |     9 |    11 ||    20
Dodge: Dodged            |    33 |    38 ||    71
